 Dungeon Crawl Stone Soup version 0.28.0 (webtiles) character file.

Game seed: 17485037654419748806

2 Dani the Magician (level 1, 0/11 HPs)
             Began as a Deep Elf Transmuter on Feb 7, 2022.
             Slain by a quokka (5 damage)
             ... on level 1 of the Dungeon.
             The game lasted 00:00:25 (355 turns).

Dani the Magician (Deep Elf Transmuter)              Turns: 355, Time: 00:00:26

Health: 0/11       AC:  2    Str:  7    XL:     1   Next: 33%
Magic:  5/6        EV: 12    Int: 17    God:
Gold:   8          SH:  0    Dex: 15    Spells: 5/6 levels left

rFire   . . .      SeeInvis .     - Unarmed
rCold   . . .      Faith    .   (no shield)
rNeg    . . .      Spirit   .   a - +0 robe
rPois   .          Reflect  .   (no helmet)
rElec   .          Harm     .   (no cloak)
rCorr   .          Rampage  .   (no gloves)
Will    .....                   (no boots)
Stlth   +.........              (no amulet)
HPRegen 0.03/turn               (no ring)
MPRegen 0.10/turn               (no ring)

@: no status effects
A: no striking features
a: no special abilities


You were on level 1 of the Dungeon.
You visited 1 branch of the dungeon, and saw 1 of its levels.

You collected 8 gold pieces.

Inventory:

Armour
 a - a +0 robe (worn)


   Skills:
 - Level 0.8 Fighting
 - Level 2.5 Dodging
 - Level 2.4 Unarmed Combat
 + Level 3.0 Spellcasting
 - Level 2.2 Transmutations


You had 5 spell levels left.
You knew the following spells:

 Your Spells              Type           Power      Damage    Failure   Level
a - Beastly Appendage     Tmut           20%        N/A       7%          1

Your spell library contained the following spells:

 Spells                   Type           Power      Damage    Failure   Level
 Wereblood                Tmut           10%        N/A       11%         2
 Spider Form              Tmut/Pois      6%         N/A       32%         3
 Ice Form                 Ice/Tmut       6%         N/A       73%         4


Dungeon Overview and Level Annotations

Branches:
Dungeon (1/15)

Altars:


Message History

* * * LOW HITPOINT WARNING * * *
You hit the endoplasm.
You claw the endoplasm, but do no damage.
You headbutt the endoplasm, but do no damage.
The endoplasm is severely wounded.
The endoplasm hits you.
* * * LOW HITPOINT WARNING * * *
You hit the endoplasm.
You kill the endoplasm!
No target in view!
No target in view!
No target in view!
Your transformation is almost over.
Magic restored.
Your horns disappear.
Your talons disappear.
Key pressed, stopping explore.
Key pressed, stopping explore.
HP restored.
A rat comes into view.
A rat is nearby!
A rat is nearby!
A rat is nearby!
A rat is nearby!
A rat is nearby!
Casting: Beastly Appendage (safe; 7% risk of failure)
Confirm with . or Enter, or press ? or * to list all spells.
You grow a pair of large bovine horns.
Your feet morph into talons.
The rat bites you.
You closely miss the rat. Your kick misses the rat. You headbutt the rat.
You kill the rat!
No target in view!
No target in view!
Your transformation is almost over.
Your horns disappear.
Your talons disappear.
Key pressed, stopping explore.
You now have 8 gold pieces.
A kobold comes into view. It is wielding a +0 short sword.
The kobold shouts!
The kobold throws a stone.
The stone hits you but does no damage.
A kobold is nearby!
A kobold is nearby!
A kobold is nearby!
A kobold is nearby!
Casting: Beastly Appendage (safe; 7% risk of failure)
Confirm with . or Enter, or press ? or * to list all spells.
You grow a pair of large bovine horns.
Your feet morph into talons.
The kobold throws a stone.
The stone barely misses you.
The kobold throws a stone.
The stone barely misses you.
The kobold throws a stone.
The stone hits you but does no damage.
The kobold throws a stone.
The stone barely misses you.
The kobold throws a stone.
The stone hits you. The kobold barely misses you.
You hit the kobold but do no damage. The kobold closely misses you.
You hit the kobold but do no damage. You claw the kobold, but do no damage.
You headbutt the kobold.
You kill the kobold!
No target in view!
No target in view!
No target in view!
Your transformation is almost over.
Your horns disappear.
Your talons disappear.
Things that are here:
a +0 short sword; 2 stones; a kobold corpse Key pressed, stopping explore.
A hobgoblin comes into view.
Found a metallic golden potion.
A hobgoblin is nearby!
A hobgoblin is nearby!
A hobgoblin is nearby!
A hobgoblin is nearby!
Casting: Beastly Appendage (safe; 7% risk of failure)
Confirm with . or Enter, or press ? or * to list all spells.
You miscast Beastly Appendage.
You are very lightly contaminated with residual magic.
Nothing appears to happen.
A quokka comes into view.
The quokka completely misses you.
You miss the quokka.
The quokka bites you but does no damage.
You closely miss the quokka. You punch the quokka, but do no damage.
The hobgoblin shouts!
The quokka bites you.
A goblin comes into view. It is wielding a +0 dagger.
The goblin shouts!
You hit the quokka but do no damage. Your punch misses the quokka.
The quokka barely misses you.
The quokka twitches its whiskers.
The quokka bites you.
* * * LOW HITPOINT WARNING * * *
You hit the quokka.
The quokka is almost dead.
The quokka closely misses you.
You hit the quokka but do no damage.
The quokka is almost dead.
The quokka closely misses you.
Your magical contamination has completely faded away.
You hit the quokka but do no damage.
The quokka is almost dead.
The quokka bites you.
You die...

... #.... #.... #...
... #########
#.######## ..#.......#
#.#.......
..#.#####.####.........
..............@.gg....
#.......######r#...!.
#.......# .# ###.
#.......# .#
####.......######.#
.......)........#.#
..........####.##.#
................#.#
..........####..#


You could see a quokka, a hobgoblin and a goblin.

Vanquished Creatures
  An endoplasm (D:1)
  A kobold (D:1)
  A rat (D:1)
3 creatures vanquished.

Notes
Turn   | Place    | Note
-------+----------+-------------------------------------------
     0 | D:1      | Dani the Deep Elf Transmuter began the quest for the Orb.
     0 | D:1      | Reached XP level 1. HP: 11/11 MP: 6/6
   355 | D:1      | Slain by a quokka

Illustrated notes

Levels and vault maps discovered:
D:1:      lightli_arrival_chessboard, layout_basic, serial_shops,
          nicolae_shop_bloodbath_and_beyond

Action                   || total
-------------------------++-------
Melee: Unarmed           ||    12
       Headbutt          ||     3
       Kick              ||     2
       Punch             ||     1
 Cast: Beastly Appendage ||     3
Armor: Robe              ||     3
Dodge: Dodged            ||     9

Table legend: (Time is in decaauts)
 A = Elapsed time spent in this place.
 B = Non-inter-level travel time spent in this place.
 C = Inter-level travel time spent in this place.
 D = Time resting spent in this place.
 E = Time spent auto-exploring this place.
 F = Levels seen in this place.
 G = Mean time per level.
                   A        B        C        D        E       F      G
               +--------+--------+--------+--------+--------+-----+--------+
         Total |    354 |    354 |      0 |      0 |    322 |   1 |  354.0 |
       Dungeon |    354 |    354 |      0 |      0 |    322 |   1 |  354.0 |
               +--------+--------+--------+--------+--------+-----+--------+

Top non-repeatable levels by time:
     D:1: 354 daAuts

Table legend:
 A = Kills in this place as a percentage of kills in entire the game.
 B = Kills by you in this place as a percentage of kills by you in the entire game.
 C = Kills by friends in this place as a percentage of kills by friends in the entire game.
 D = Other kills in this place as a percentage of other kills in the entire game.
 E = Experience gained in this place as a percentage of experience gained in the entire game.
 F = Experience gained in this place divided by the number of levels of this place that you have seen.
                   A       B       C       D       E      F
               +-------+-------+-------+-------+-------+----------------------
         Total | 100.0 | 100.0 |   N/A |   N/A | 100.0 |   4.0
       Dungeon | 100.0 | 100.0 |   N/A |   N/A | 100.0 |   4.0
               +-------+-------+-------+-------+-------+----------------------
